 Dungeon Crawl Stone Soup version 0.17-a0-1446-gc28613e (console) character file.

46 Monkaria the Skirmisher (level 3, 0/36 HPs)
             Began as a Hill Orc Chaos Knight on June 28, 2015.
             Slain by Ijyb the water moccasin (shapeshifter) (1 damage)
             ... on level 2 of the Dungeon.
             The game lasted 00:03:10 (1500 turns).

Monkaria the Skirmisher (Hill Orc Chaos Knight)     Turns: 1500, Time: 00:03:10

Health: 0/36       AC:  5    Str: 15    XL:     3   Next: 66%
Magic:  2/2        EV: 11    Int: 12    God:    Xom [..*...]
Gold:   61         SH:  0    Dex: 10    Spells: 0 memorised, 2 levels left

rFire  . . .     SeeInvis .     a - +0 hand axe (chaos)
rCold  . . .     Rnd*Rage +     b - +2 leather armour
rNeg   . . .     SustAt   .     (no shield)
rPois  .         Gourm    .     (no helmet)
rElec  .         Spirit   .     (no cloak)
rCorr  .         Warding  .     (no gloves)
rMut   .         Stasis   .     (no boots)
MR     .....                    (no amulet)
Stlth  ..........               (no ring)
                                (no ring)

@: confused, very slightly contaminated, hasted, very quick, not resistant to
hostile enchantments, extremely unstealthy
A: berserk 1, low mp 1, spit poison 1
a: Spit Poison, Renounce Religion


You were on level 2 of the Dungeon.
You worshipped Xom.
You were a toy of Xom.
You were not hungry.

You visited 1 branch of the dungeon, and saw 2 of its levels.

You collected 61 gold pieces.

Inventory:

Hand weapons
 a - a +0 hand axe of chaos (weapon)
Armour
 b - a +2 leather armour (worn)
Scrolls
 d - a scroll of fear {unknown}
 e - a scroll of blinking {unknown}
 h - a scroll of random uselessness {unknown}
 i - a scroll of enchant armour {unknown}
 j - 2 scrolls of remove curse {unknown}
Potions
 f - a potion of haste
Comestibles
 c - 2 bread rations
 k - a beef jerky
 l - a chunk of flesh


   Skills:
 + Level 5.4 Fighting
 - Level 4.0 Axes
 - Level 2.1 Armour
 - Level 0.7 Dodging


You had 2 spell levels left.
You didn't know any spells.

Dungeon Overview and Level Annotations

Branches:
Dungeon (2/15)

Altars:

Annotations:
D:2 Ijyb


Innate Abilities, Weirdness & Mutations

You tend to lose your temper in combat.
Your magical capacity is low (-10% MP).
You can spit weak poison.


Message History

You bump into the rock wall.
You are engulfed in noxious fumes.
You choke on the stench!
You are more confused.
* * * LOW HITPOINT WARNING * * *
Unknown command.
You're too confused to move!
You are engulfed in noxious fumes.
You choke on the stench!
You are more confused.
You are engulfed in noxious fumes.
You choke on the stench!
You are more confused.
* * * LOW HITPOINT WARNING * * *
Ijyb the swamp drake changes into a water moccasin!
You bump into the rock wall.
You are engulfed in noxious fumes.
You choke on the stench!
You are more confused.
* * * LOW HITPOINT WARNING * * *
Unknown command.
You bump into the rock wall.
Ijyb bites you.
You die...
Xom chortles!

#..........
#........#
#......#.#
#.##.# #)##.#
#.##.# #.##.#
#S##.##
#@....#
####<.# #..#
#..# #######
#..#
#.....####..#
#.###.......#
#.#.........#
#.#.#######.#


You could see Ijyb the water moccasin shaped shifter.

Vanquished Creatures
  2 oozes (D:1)
  A worm (D:2)
  A ball python (D:1)
  4 goblins (D:1)
  4 hobgoblins
  7 bats
  2 giant cockroaches (D:1)
  3 giant geckos
  3 giant newts (D:1)
  3 kobolds
  4 rats
  3 bushes (D:1)
  A plant (D:1)
38 creatures vanquished.

Notes
Turn   | Place    | Note
--------------------------------------------------------------
     0 | D:1      | Monkaria the Hill Orc Chaos Knight began the quest for the Orb.
     0 | D:1      | Reached XP level 1. HP: 19/19 MP: 1/1
    56 | D:1      | XOM: potion effect (berserk rage)
    58 | D:1      | Reached XP level 2. HP: 27/27 MP: 2/2
   476 | D:1      | XOM is BORED!
   476 | D:1      | XOM: harmless Summ miscast
   478 | D:1      | Reached skill level 5 in Fighting
   478 | D:1      | Reached XP level 3. HP: 33/36 MP: 3/3
   526 | D:1      | XOM: harmless Fire miscast
  1429 | D:2      | XOM: harmless Summ miscast
  1460 | D:2      | Noticed Ijyb
  1467 | D:2      | XOM: noise
  1475 | D:2      | Noticed Ijyb
  1475 | D:2      | Ijyb changed into Ijyb the swamp drake
  1481 | D:2      | XOM: silly message
  1483 | D:2      | Gained mutation: Your magical capacity is low (-10% MP). [potion of mutation]
  1483 | D:2      | Gained mutation: You can spit weak poison. [potion of mutation]
  1483 | D:2      | Gained mutation: You tend to lose your temper in combat. [potion of mutation]
  1498 | D:2      | Noticed Ijyb
  1498 | D:2      | Ijyb the swamp drake changed into Ijyb the water moccasin
  1499 | D:2      | HP: 1/36 [Ijyb the water moccasin (shapeshifter)] (1)]
  1500 | D:2      | Slain by Ijyb the water moccasin (shapeshifter)

Vault maps used:
D:1:      saegor_arrival_simple_d, serial_forest,
          infiniplex_forest_clump_diagonal, infiniplex_forest_clump_small,
          infiniplex_forest_clump_double, infiniplex_forest_clump_small,
          infiniplex_forest_lined_2, infiniplex_forest_clump_small,
          minmay_surrounded
D:2:      minitemple, nemelex_dance_club_becter, uniq_iyjb

Action                   || total
-------------------------++-------
Melee: Hand axe          ||   268
  Use: Potion            ||     2
  Eat: Chunk             ||     3
